 Dungeon Crawl Stone Soup version 0.31-a0-833-gc15d34cb79 (webtiles) character file.

Game seed: 11080521501332972884

758 Aneyh the Cudgeller (level 7, -1/41 HPs)
             Began as a Tengu Monk on Sept 25, 2023.
             Slain by an orc
             ... wielding a +0 club
              (2 damage)
             ... on level 5 of the Dungeon.
             The game lasted 00:07:19 (3435 turns).

Aneyh the Cudgeller (Tengu Monk)                    Turns: 3435, Time: 00:07:21

Health: -1/41      AC:  3    Str: 10 (12) XL:     7   Next: 80%
Magic:  8/8        EV: 19    Int:  7 (10) God:
Gold:   189        SH:  0    Dex: 16 (18) Spells: 6/6 levels left

rFire   + . .        a - +8 mace of Ixkosch {flame, +Blink rN+ Will+}
rCold   . . .        (no shield)
rNeg    + . .        B - +0 robe
rPois   .            (helmet restricted)
rElec   .            h - +0 cloak
rCorr   .            (no gloves)
SInv    .            (boots unavailable)
Will    +....        (no amulet)
Stlth   +            x - ring of protection from fire
HPRegen 0.26/turn    (no ring)
MPRegen 0.11/turn

%: acrobat
@: attractive, flying
A: beak, talons 3, evasive flight, acrobatic
a: Evoke Blink


You were on level 5 of the Dungeon.
You visited 1 branch of the dungeon, and saw 5 of its levels.

You collected 189 gold pieces.

Inventory:

Hand Weapons
 a - the +8 mace of Ixkosch (weapon) {flame, +Blink rN+ Will+}
   (You found it on level 2 of the Dungeon)

   rN+:       It protects you from negative energy.
   Will+:     It increases your willpower.
   +Blink:    It lets you blink.
 b - a +0 hand cannon of electrocution
 r - a +0 falchion
 t - a +2 heavy flail
 C - a +0 trident
Missiles
 w - 2 throwing nets
Armour
 d - an orb of light
 h - a +0 cloak (worn)
 q - a scarf of harm
 B - a +0 robe (worn)
Jewellery
 x - a ring of protection from fire (left hand)
Wands
 v - a wand of mindburst (19)
Scrolls
 c - a scroll of summoning {unknown}
 i - a scroll of immolation
 j - 2 scrolls of silence
 k - a scroll of teleportation
 l - a scroll of enchant weapon
 p - 2 scrolls of amnesia
 s - a scroll of enchant armour {unknown}
 u - 2 scrolls of fear
 y - a scroll of fog
 A - a scroll of blinking
Potions
 e - a potion of haste {unknown}
 f - a potion of cancellation {unknown}
 m - a potion of heal wounds {unknown}
 n - a potion of attraction
 o - 2 potions of curing {unknown}
 z - a potion of degeneration


   Skills:
 - Level 3.0 Fighting
 - Level 4.6 Long Blades
 * Level 6.6 Maces & Flails
 + Level 1.8 Ranged Weapons
 + Level 5.7 Dodging


You had 6 spell levels left.
You didn't know any spells.
Your spell library contained the following spells:

 Spells                   Type           Power      Damage    Failure   Level
 Summon Small Mammal      Summ           0%         N/A       43%         1
 Call Canine Familiar     Summ           0%         N/A       80%         3
 Summon Guardian Golem    Hex/Summ       0%         N/A       80%         3
 Orb of Destruction       Conj           0%         9d5       100%        7
 Spellforged Servitor     Conj/Summ      0%         N/A       100%        7


Dungeon Overview and Level Annotations

Branches:
Dungeon (5/15)
 Temple: D:4-7

Altars:

Shops:
D:2 *


Innate Abilities, Weirdness & Mutations

You have a beak for a mouth.
You have claws for feet.
Your magical flight helps you evade attacks. (EV +4)
You can magically evade attacks while moving or waiting.


Message History

The orc priest shouts!
You hear a shout! x2
The orc attacks as it pursues you! The orc barely misses you.
The orc wizard casts a spell.
The orc wizard flickers and vanishes!
Deactivating autopickup; reactivate with Ctrl-A.
The orc attacks as it pursues you! The orc closely misses you.
The orc attacks as it pursues you! The orc misses you.
You hear the slow hiss of a very distant avalanche of sand.
The orc priest looks satisfied for a moment.
You are confused.
Your +0 hand cannon of electrocution stops crackling.
The +8 mace of Ixkosch {flame, +Blink rN+ Will+} bursts into flame!
a - the +8 mace of Ixkosch (weapon)
{flame, +Blink rN+ Will+} The orc priest invokes the aid of Beogh against you.
Beogh smites you! The orc hits you with a +0 club.
The orc completely misses you.
You're too confused to move!
The orc completely misses you.
You feel less confused. Something completely misses you.
The orc priest mumbles some strange prayers to Beogh against you.
Beogh smites you!
* * * LOW HITPOINT WARNING * * *
The orc attacks as it pursues you! The orc completely misses you.
The orc attacks as it pursues you! The orc hits you but does no damage.
You hear some strange, mumbled words.
A puff of flame appears from out of thin air!
The puff of flame hits you. You resist.
* * * LOW HITPOINT WARNING * * *
The orc closely misses you.
It was a potion of attraction.
You feel attractive to monsters. The orc priest is attracted toward you.
It was a potion of degeneration.
There was something very wrong with that liquid.
You feel weakened.
You feel dopey.
You feel clumsy. Something hits you.
* * * LOW HITPOINT WARNING * * *
The orc priest barely misses you. The orc hits you with a +0 club.
You die...

##.......#..##### ###.##
#..............##.....
#.#.#...#......#...#.#
#..#.#...##.......#... ..
#.#..).#......##..# #
#....#.o#§..##..##
#.>.#....#...o##...#
##..........o.##.#
#..###.#...o@##†#
#........#.#......#.#
............#................#
#............................#
.........###.#...............#
......###..###......#.....##
............####...........#
........<..# #...........#
###........# #...........#


You could see 2 orc priests, an orc wizard and an orc.

Vanquished Creatures
  2 black bears (D:4)
  An ogre (D:5)
  2 scorpions (D:5)
  Blork the orc (D:4)
  A hound (D:5)
  A jelly (D:5)
  An iguana (D:5)
  An orc wizard (D:4)
  Robin (D:3)
  4 gnolls (D:4)
  6 adders
  2 dart slugs (D:2)
  8 orcs
  10 endoplasms
  2 giant cockroaches
  12 goblins
  10 hobgoblins
  3 jackals (D:2)
  6 quokkas
  9 ball pythons
  3 bats
  3 frilled lizards
  4 kobolds
  3 rats
96 creatures vanquished.

Notes
Turn   | Place    | Note
-------+----------+-------------------------------------------
     0 | D:1      | Aneyh the Tengu Monk began the quest for the Orb.
     0 | D:1      | Reached XP level 1. HP: 14/14 MP: 2/2
    54 | D:1      | Found a faded altar of an unknown god.
   141 | D:1      | Reached XP level 2. HP: 14/19 MP: 3/3
   787 | D:1      | Reached XP level 3. HP: 23/23 MP: 4/4
  1029 | D:2      | Found Udwup's Assorted Antiques.
  1099 | D:2      | Identified the +8 mace of Ixkosch {flame, +Blink rN+ Will+}
  1524 | D:2      | Reached XP level 4. HP: 28/28 MP: 5/5
  1692 | D:3      | Reached skill level 1 in Maces & Flails
  1854 | D:3      | Noticed Robin
  1882 | D:3      | Killed Robin
  2072 | D:3      | Reached skill level 2 in Maces & Flails
  2117 | D:3      | Reached XP level 5. HP: 23/32 MP: 6/6
  2545 | D:4      | Noticed a black bear
  2551 | D:4      | Killed a black bear
  2552 | D:4      | Reached skill level 3 in Maces & Flails
  2560 | D:4      | Reached XP level 6. HP: 14/37 MP: 7/7
  2567 | D:4      | Reached skill level 4 in Maces & Flails
  2576 | D:4      | Reached skill level 5 in Dodging
  2606 | D:4      | Noticed Blork the orc
  2612 | D:4      | Killed Blork the orc
  2635 | D:4      | HP: 1/37 [gnoll/+0 spear (3)]
  3010 | D:4      | Noticed a black bear
  3020 | D:4      | Killed a black bear
  3021 | D:4      | Reached skill level 5 in Maces & Flails
  3021 | D:4      | Gained mutation: Your magical flight helps you evade
                  | attacks. (EV +4) [Tengu growth]
  3021 | D:4      | Reached XP level 7. HP: 15/41 MP: 8/8
  3278 | D:5      | Entered Level 5 of the Dungeon
  3289 | D:5      | Reached skill level 6 in Maces & Flails
  3289 | D:5      | Reached skill level 1 in Ranged Weapons
  3433 | D:5      | HP: 1/41 [something/puff of flame (5)]
  3435 | D:5      | Slain by an orc

Illustrated notes

Levels and vault maps discovered:
D:1:      dpeg_arrival_fog, layout_loops_ring,
          hellmonk_ecumenical_altar_blasted, nicolae_figureground_sparkle
D:2:      layout_loops_cross, serial_shops, shop, grunt_decor_cap,
          kennysheep_generic_room_11
D:3:      layout_basic, amcnicky_mini_rare_corridor_liquid, uniq_robin
D:4:      cheibrodos_old_hovel, layout_basic, uniq_blork_the_orc
D:5:      layout_rooms, nicolae_ossuary_entry_false_entrances,
          lightli_church_of_beogh

Skill      XL: |  1  2  3  4  5  6  7 |
---------------+----------------------+-----
Long Blades    | 4 |  4.6
Dodging        | 4 5 |  5.7
Maces & Flails | 2 3 5 6 |  6.6
Ranged Weapons | 1 |  1.8
Fighting       | |  3.0

Action                     |  1- 3 |  4- 6 |  7- 9 || total
---------------------------+-------+-------+-------++-------
  Melee: Falchion          |    67 |       |       ||    67
         Kick              |    17 |    16 |     2 ||    35
         Peck              |     9 |     8 |     1 ||    18
         Mace              |    10 |    79 |     9 ||    98
         Punch             |       |     1 |       ||     1
   Fire: Hand cannon       |       |    10 |    10 ||    20
    Use: Potion            |       |     2 |     2 ||     4
         Scroll            |       |       |     7 ||     7
   Stab: Sleeping          |     4 |     2 |       ||     6
 Armour: Robe              |    23 |    74 |    10 ||   107
  Dodge: Dodged            |    49 |    99 |    22 ||   170

Table legend: (Time is in decaauts)
 A = Elapsed time spent in this place.
 B = Non-inter-level travel time spent in this place.
 C = Inter-level travel time spent in this place.
 D = Time resting spent in this place.
 E = Time spent auto-exploring this place.
 F = Levels seen in this place.
 G = Mean time per level.
                   A        B        C        D        E       F      G
               +--------+--------+--------+--------+--------+-----+--------+
         Total |   3479 |   3394 |     85 |    329 |   2342 |   5 |  695.8 |
       Dungeon |   3479 |   3394 |     85 |    329 |   2342 |   5 |  695.8 |
               +--------+--------+--------+--------+--------+-----+--------+

Top non-repeatable levels by time:
     D:3: 1080 daAuts
     D:1: 892 daAuts
     D:2: 731 daAuts
     D:4: 612 daAuts
     D:5: 163 daAuts
